 Dungeon Crawl Stone Soup version 0.30-a0-928-g7f6bbad527 (webtiles) character file.

Game seed: 15084138798362989941

79494 M4edhros the Black Belt (level 15, -5/114 HPs)
             Began as an Octopode Artificer on Mar 22, 2023.
             Was a High Priest of Cheibriados.
             Slain by a ghost moth (16 damage)
             ... on level 1 of the Spider Nest on Mar 23, 2023.
             The game lasted 00:45:31 (16823 turns).

M4edhros the Black Belt (Octopode Artificer)       Turns: 16823, Time: 00:45:32

Health: -5/114     AC:  3    Str: 23 (25) XL:     15   Next: 63%
Magic:  0/17       EV: 30    Int: 33      God:    Cheibriados [*****.]
Gold:   1698       SH:  7    Dex: 31 (32) Spells: 14/14 levels left

rFire   + . .      SeeInvis .      - Unarmed
rCold   + . .      Faith    .    F - +0 buckler
rNeg    + . .      Spirit   +    s - +2 hat {Int+3}
rPois   +          Reflect  .    L - amulet of guardian spirit
rElec   .          Rampage  .    g - ring of protection from cold
rCorr   .                        k - ring of protection from fire
Will    ++...                    i - ring "Hymmowuv" {Will+ Int+3}
Stlth   ++++++                   N - ring of positive energy
HPRegen 1.19/turn                c - ring of flight
MPRegen 0.15/turn                (no ring)
                                 (no ring)
                                 (no ring)

@: about to teleport, flying, unable to drink, very slow
A: almost no armour, amphibious, 8 rings, camouflage 1, gelatinous body 1,
(nimble swimmer 1), tentacles, low MP 1, poison resistance, regeneration 1,
inability to drink after injury 1, noise suppression
a: Renounce Religion, Bend Time, Temporal Distortion, Slouch, Step From Time


You were on level 1 of the Spider Nest.
You worshipped Cheibriados.
Cheibriados was extremely pleased with you.
You visited 5 branches of the dungeon, and saw 22 of its levels.
You also visited: Ossuary.

You collected 1884 gold pieces.
You spent 186 gold pieces at shops.

Inventory:

Hand Weapons
 u - a +1 eveningstar of draining
 x - a +5 falchion of protection
 G - a +2 dagger of protection
Missiles
 e - 42 poisoned darts (quivered)
 B - 4 throwing nets
Armour
 a - a +2 hat
 s - a +2 hat of intelligence (worn)
 F - a +0 buckler (worn)
Magical Staves
 K - the staff of poison "Weluic" {Fragile rPois Will+++ Int+7}
   (You found it on level 9 of the Dungeon)

   [staff of poison]

   Base accuracy: +5 Base damage: 5 Base attack delay: 1.2 This weapon's minimum
   attack delay (0.6) is reached at skill level 12.
   Int:       It affects your intelligence (+7).
   rPois:     It protects you from poison.
   Fragile:   It will be destroyed if unequipped.
   Will:      It greatly increases your willpower.
   It falls into the 'Staves' category.
   It is a one-tentacled weapon.
Jewellery
 c - a ring of flight (on tentacle)
 g - a ring of protection from cold (left tentacle)
 i - the ring "Hymmowuv" (on tentacle) {Will+ Int+3}
   (You found it on level 9 of the Dungeon)

   [ring of willpower]

   Int:       It affects your intelligence (+3).
   Will:      It increases your willpower.
 k - a ring of protection from fire (right tentacle)
 J - an amulet of the acrobat
 L - an amulet of guardian spirit (around mantle)
 N - a ring of positive energy (on tentacle)
Wands
 b - a wand of flame (32)
 r - a wand of roots (4)
 t - a wand of paralysis (5)
 E - a wand of acid (6)
Scrolls
 f - 2 scrolls of silence
 h - 3 scrolls of fog
 j - 4 scrolls of teleportation
 l - 6 scrolls of amnesia
 n - 2 scrolls of blinking
 v - a scroll of magic mapping
 w - 4 scrolls of poison
 y - a scroll of immolation
 C - a scroll of enchant armour
 D - 2 scrolls of summoning
 M - 5 scrolls of identify
 O - a scroll of enchant weapon
 P - a scroll of brand weapon
Potions
 d - a potion of berserk rage
 m - a potion of mutation
 o - a potion of lignification
 p - 3 potions of curing
 q - 2 potions of heal wounds
 z - 7 potions of flight
 A - a potion of magic
 H - 4 potions of attraction
 I - a potion of resistance
 Q - a potion of cancellation


   Skills:
 + Level 14.6 Fighting
 + Level 14.7 Dodging
 - Level 10.1 Stealth
 - Level 5.1 Shields
 * Level 15.2 Unarmed Combat
 - Level 6.0 Invocations
 - Level 3.2 Evocations


You had 14 spell levels left.
You didn't know any spells.
Your spell library contained the following spells:

 Spells                   Type           Power      Damage    Failure   Level
 Slow                     Hex            0%         N/A       10%         1
 Confusing Touch          Hex            0%         N/A       30%         3
 Vampiric Draining        Necr           0%         2d6       30%         3
 Anguish                  Hex/Necr       0%         N/A       69%         4
 Enfeeble                 Hex            0%         N/A       100%        7


Dungeon Overview and Level Annotations

Branches:
Dungeon (13/15)            Temple (1/1) D:4            Lair (5/5) D:9
 Shoals (0/4) Lair:3       Spider (1/4) Lair:2        Slime (0/5) Lair:4
    Orc (2/2) D:9             Elf (0/3) Orc:2       Ossuary (visited)
 Vaults: D:13-14

Altars:
Ashenzari
Cheibriados
Dithmenos
Elyvilon
Fedhas
Gozag
Hepliaklqana
Kikubaaqudgha
Makhleb
Nemelex Xobeh
Okawaru
Qazlal
Ru
Sif Muna
Trog
Uskayaw
Vehumet
Wu Jian
Xom
Yredelemnul
Zin
The Shining One
Jiyva

Shops:
D:1 !   D:12 :   Orc:2 (?(:*

Annotations:
D:6 1 runed translucent door
Lair:5 exclusion: 4 oklob plants


Innate Abilities, Weirdness & Mutations

You cannot wear most types of armour.
You are amphibious.
You can wear up to eight rings at the same time.
Your skin changes colour to match your surroundings (Stealth+).
Your rubbery body absorbs attacks. (AC +1, EV +1)
((You are camouflaged when in or above water. (Stealth+)))
You have tentacles for arms and can constrict up to eight enemies at once.
Your magical capacity is low. (-10% MP)
Your system is resistant to poisons. (rPois)
Your natural rate of healing is unusually fast.
You occasionally lose the ability to drink potions when taking damage.
You passively dampen the noise of your surroundings.


Message History

You feel your power leaking away.
Okay, then.
You feel you are being watched by something.
You feel your power leaking away.
You feel you are being watched by something.
You feel your power leaking away. Something hits you!
Deactivating autopickup; reactivate with Ctrl-A.
Something hits you! Something stings you!
Okay, then.
As you read the scroll of teleportation, it crumbles to dust.
You feel strangely unstable. Something hits you!! Something misses you.
Something stings you!
You feel threatened and lose the ability to drink potions!
* * * LOW HITPOINT WARNING * * *
You cannot drink potions in your current state!
Your surroundings suddenly seem different.
You feel you are being watched by something. x2
As you read the scroll of teleportation, it crumbles to dust.
You feel strangely unstable.
You can drink potions again.
You feel you are being watched by something.
Something hits you!
* * * LOW HITPOINT WARNING * * *
You feel weakened. Something hits you but does no damage.
Something closely misses you.
You feel you are being watched by something.
You feel your power leaking away.
You feel you are being watched by something.
Something hits you!
* * * LOW HITPOINT WARNING * * *
You feel weakened. Something hits you!
* * * LOW HITPOINT WARNING * * *
You feel clumsy. Something barely misses you.
You feel you are being watched by something. x2
Something hits you!
You feel threatened and lose the ability to drink potions!
You die...

#### #..# ###..### ### #..#...#
#.## #......####### ##..##
####.#....##.#####.†..## #
#.....#..#..^.#......# ## #
##....#.@....#.....### #. s#.
#...#....#......^.# ## ...s
#..†#...#.........## # ...#
##.......#..........# ###
..#..####.....#..#.#...#...####.#
s...^.#...#.†.....#.............#
#....#†...†...#.....#.#..#†..
..#...(.†.....#.....#..........
................#..............


There were no monsters in sight!

Vanquished Creatures
  2 orc warlords
  4 dire elephants (Lair:5)
  Erolcha (D:9)
  Harold (Lair:1)
  2 hydras
  A radroach (Spider:1)
  5 boulder beetles
  An orc high priest (Orc:2)
  A centaur warrior (D:9)
  3 two-headed ogres
  7 death yaks (Lair:5)
  Urug (Lair:2)
  Sonja (Lair:3)
  2 spectral death yaks (Lair:5)
  A pharaoh ant (Spider:1)
  3 skysharks
  A spectral anaconda (Lair:5)
  An obsidian statue (Lair:5)
  7 orc knights (Orc:2)
  4 necromancers (Lair:5)
  7 orc sorcerers
  2 manticores
  A wolf spider (Spider:1)
  5 cyclopes
  2 ugly things
  2 deep elf pyromancers
  18 elephants
  A torpor snail (Lair:2)
  4 molten gargoyles (D:10)
  2 black mambas
  A dire elephant skeleton (Lair:5)
  8 cane toads
  A kobold demonologist (D:10)
  An efreet (D:13)
  3 unseen horrors
  4 komodo dragons
  2 rime drakes
  7 trolls
  A hornet (D:7)
  4 polar bears
  13 blink frogs
  5 saltlings (Orc:2)
  4 tarantellas (Spider:1)
  A snapping turtle (Lair:3)
  2 spectral elephants (Lair:5)
  2 slime creatures
  4 culicivoras
  5 jumping spiders
  2 wraiths
  2 shadows
  2 vampires
  4 wyverns
  41 yaks
  6 basilisks
  A death yak simulacrum (Lair:5)
  5 vampire mosquitoes
  15 redbacks
  5 wargs
  An acid dragon (D:9)
  9 water moccasins
  A black bear (D:5)
  14 orc warriors
  A swamp drake (D:9)
  An ice beast (D:7)
  2 sky beasts
  5 centaurs (D:9)
  2 ogres (D:6)
  6 elephant skeletons (Lair:5)
  19 wolves
  5 kobold brigands
  A wyvern zombie (Ossuary)
  7 bullfrogs
  A gnoll sergeant (D:9)
  2 cane toad simulacra (Lair:5)
  6 scorpions
  4 wights (D:10)
  A water moccasin zombie (Ossuary)
  7 killer bees
  A howler monkey (D:7)
  5 bullfrog zombies (Ossuary)
  A lava snake (D:10)
  A hound (D:6)
  3 jellies (Lair:4)
  A centaur zombie (Ossuary)
  16 orc priests
  A sleepcap (D:6)
  An iguana (D:6)
  21 orc wizards
  10 mummies (Ossuary)
  A killer bee zombie (Ossuary)
  A howler monkey zombie (Ossuary)
  10 gnolls
  4 adders
  A worm (D:2)
  3 dart slugs
  61 orcs
  7 bats
  4 endoplasms
  3 giant cockroaches
  5 goblins
  3 hobgoblins
  25 kobolds
  4 quokkas
  3 ball pythons
  2 frilled lizards
  A goblin zombie (D:6)
  7 rats
545 creatures vanquished.

Vanquished Creatures (collateral kills)
  A manticore (D:10)
  A cyclops (D:10)
  A shadow (D:10)
  A wraith (D:7)
  2 yaks (D:7)
  A sky beast (D:7)
  A centaur (D:7)
  A scorpion (D:7)
  2 bullfrog zombies (Ossuary)
  4 mummies (Ossuary)
  A killer bee zombie (Ossuary)
  A howler monkey zombie (Ossuary)
  An orc (D:3)
18 creatures vanquished.

Vanquished Creatures (others)
  A death yak (Lair:5)
  A yak (D:8)
  A hornet zombie (Ossuary)
  A centaur zombie (Ossuary)
  An orc (D:9)
  16 fungi
  5 pillars of salt (Orc:2)
  17 plants
  21 withered plants
64 creatures vanquished.

Grand Total: 627 creatures vanquished

Notes
Turn   | Place    | Note
-------+----------+-------------------------------------------
     0 | D:1      | M4edhros the Octopode Artificer began the quest for the
                  | Orb.
     0 | D:1      | Reached XP level 1. HP: 13/13 MP: 1/1
   102 | D:1      | Reached skill level 1 in Unarmed Combat
   102 | D:1      | Reached XP level 2. HP: 15/18 MP: 2/2
   230 | D:3      | Reached XP level 3. HP: 22/24 MP: 3/3
   232 | D:3      | Reached skill level 2 in Unarmed Combat
   422 | D:4      | Found a shadowy altar of Dithmenos.
   427 | D:4      | Found a glowing golden altar of the Shining One.
   649 | D:4      | Found a staircase to the Ecumenical Temple.
   658 | Temple   | Entered the Ecumenical Temple
   673 | Temple   | Became a worshipper of Cheibriados the Contemplative
   704 | D:4      | Found a blossoming altar of Fedhas.
   899 | D:3      | Reached XP level 4. HP: 29/29 MP: 4/4
  1099 | D:2      | Found a faded altar of an unknown god.
  1446 | D:2      | Reached * piety under Cheibriados
  2000 | D:1      | Found Huijisaus's Distillery.
  2008 | D:1      | Bought a potion of heal wounds for 70 gold pieces
  2008 | D:1      | Bought a potion of might for 56 gold pieces
  2386 | D:3      | Reached skill level 3 in Unarmed Combat
  2472 | D:4      | Found a bloodstained altar of Trog.
  2615 | D:4      | Found an opulent altar of Gozag.
  2623 | D:5      | Entered Level 5 of the Dungeon
  2628 | D:5      | Reached XP level 5. HP: 35/35 MP: 5/5
  2702 | D:5      | Noticed a black bear
  2714 | D:5      | Killed a black bear
  2714 | D:5      | Reached ** piety under Cheibriados
  2715 | D:5      | Reached skill level 4 in Unarmed Combat
  2715 | D:5      | Reached XP level 6. HP: 24/42 MP: 6/6
  3015 | D:5      | Reached XP level 7. HP: 43/46 MP: 7/7
  3051 | D:5      | Reached skill level 5 in Unarmed Combat
  3121 | D:6      | Found a sparkling altar of Nemelex Xobeh.
  3155 | D:6      | Found a sand-covered staircase.
  3181 | Ossuary  | Entered an ossuary
  3231 | Ossuary  | Reached skill level 6 in Unarmed Combat
  3232 | Ossuary  | Reached *** piety under Cheibriados
  3233 | Ossuary  | Reached XP level 8. HP: 51/54 MP: 8/8
  3236 | Ossuary  | Reached skill level 5 in Dodging
  3421 | Ossuary  | Reached skill level 5 in Fighting
  3421 | Ossuary  | Reached skill level 7 in Unarmed Combat
  3463 | Ossuary  | HP: 2/55 [wyvern zombie (11)]
  3733 | D:6      | Found an ancient bone altar of Kikubaaqudgha.
  3734 | D:6      | Found an iron altar of Okawaru.
  3740 | D:6      | Found an ornate altar of the Wu Jian Council.
  3743 | D:6      | Found a glowing silver altar of Zin.
  3748 | D:6      | Found a stormy altar of Qazlal.
  3752 | D:6      | Found a shimmering altar of Xom.
  3830 | D:6      | Reached **** piety under Cheibriados
  3831 | D:6      | Reached skill level 1 in Shields
  3840 | D:6      | Reached XP level 9. HP: 55/61 MP: 9/9
  3856 | D:6      | Found a hazy altar of Hepliaklqana.
  3861 | D:6      | Found a broken altar of Ashenzari.
  4127 | D:8      | Reached skill level 8 in Unarmed Combat
  4127 | D:8      | Reached skill level 1 in Invocations
  4185 | D:8      | Identified a scroll of acquirement
  4185 | D:8      | Acquired a +2 hat of intelligence
  4299 | D:7      | Noticed a hornet
  4396 | D:7      | Killed a hornet
  4407 | D:7      | Reached XP level 10. HP: 61/69 MP: 11/13
  4544 | D:7      | Noticed a manticore
  4545 | D:7      | Noticed a boulder beetle
  4547 | D:7      | Reached skill level 9 in Unarmed Combat
  4551 | D:7      | Killed a boulder beetle
  4552 | D:7      | Reached skill level 5 in Invocations
  4588 | D:7      | Killed a manticore
  4749 | D:6      | Found a runed translucent door.
  4752 | D:6      | Found a basalt altar of Yredelemnul.
  4998 | D:9      | Noticed a centaur warrior
  4998 | D:9      | Noticed a two-headed ogre
  5010 | D:9      | Killed a two-headed ogre
  5011 | D:9      | Reached skill level 10 in Unarmed Combat
  5023 | D:9      | Killed a centaur warrior
  5023 | D:9      | Reached ***** piety under Cheibriados
  5024 | D:9      | Reached skill level 5 in Shields
  5024 | D:9      | Reached XP level 11. HP: 21/75 MP: 9/15
  5025 | D:9      | Identified the staff of poison "Weluic" {Fragile rPois
                  | Will+++ Int+7}
  5027 | D:9      | Identified the ring "Hymmowuv" {Will+ Int+3}
  5091 | D:10     | Entered Level 10 of the Dungeon
  5260 | D:10     | Noticed a cyclops
  5270 | D:10     | Killed a cyclops
  5280 | D:10     | Noticed a two-headed ogre
  5286 | D:10     | Killed a two-headed ogre
  5322 | D:10     | Found a runed translucent door.
  5403 | D:10     | Found a runed translucent door.
  5597 | D:11     | Noticed a boulder beetle
  5630 | D:11     | Killed a boulder beetle
  5889 | D:11     | Noticed a cyclops
  5902 | D:11     | Killed a cyclops
  6024 | D:12     | Noticed a deep elf pyromancer
  6032 | D:12     | Killed a deep elf pyromancer
  6033 | D:12     | Reached skill level 10 in Dodging
  6067 | D:12     | Noticed a boulder beetle
  6085 | D:12     | Killed a boulder beetle
  6086 | D:12     | Reached XP level 12. HP: 76/87 MP: 13/16
  6148 | D:12     | You fall into a shaft and drop 1 floor!
  6169 | D:13     | Reached skill level 10 in Fighting
  6402 | D:13     | Noticed a two-headed ogre
  6402 | D:13     | Noticed a two-headed ogre
  6439 | D:12     | Found Huyx's Book Emporium.
  7869 | D:10     | Reached skill level 5 in Stealth
  8368 | D:9      | Found a burning altar of Makhleb.
  8475 | D:9      | Noticed Erolcha
  8883 | D:9      | Found a staircase to the Lair.
  8982 | D:9      | Killed Erolcha
  9010 | D:9      | Found a staircase to the Orcish Mines.
  9288 | Orc:1    | Entered Level 1 of the Orcish Mines
  9288 | Orc:1    | Found a radiant altar of Vehumet.
  9715 | Orc:1    | Noticed an orc warlord
  9952 | Orc:1    | Killed an orc warlord
  9953 | Orc:1    | Reached XP level 13. HP: 95/95 MP: 17/17
 10337 | Orc:2    | Entered Level 2 of the Orcish Mines
 10385 | Orc:2    | Found a staircase to the Elven Halls.
 10580 | Orc:2    | Noticed an orc warlord
 10594 | Orc:2    | Killed an orc warlord
 10603 | Orc:2    | Reached skill level 10 in Stealth
 10603 | Orc:2    | Found Xuhoe's Magic Scroll Shoppe.
 10639 | Orc:2    | Found Gaebo's Weapon Shoppe.
 10667 | Orc:2    | Bought a scroll of poison for 60 gold pieces
 10717 | Orc:2    | Found Ruikkar's Weapon Shop.
 10775 | Orc:2    | Found Jilez's Assorted Antiques.
 10788 | Orc:2    | Gained mutation: You sometimes lose your temper in combat.
                  | [potion of mutation]
 10788 | Orc:2    | Gained mutation: Your flesh is heat resistant. (rF+)
                  | [potion of mutation]
 10789 | Orc:2    | Lost mutation: You sometimes lose your temper in combat.
                  | [potion of mutation]
 10789 | Orc:2    | Lost mutation: Your flesh is heat resistant. (rF+) [potion
                  | of mutation]
 10789 | Orc:2    | Gained mutation: Your system is resistant to poisons.
                  | (rPois) [potion of mutation]
 10789 | Orc:2    | Gained mutation: Your magical capacity is low. (-10% MP)
                  | [potion of mutation]
 10789 | Orc:2    | Gained mutation: You passively dampen the noise of your
                  | surroundings. [potion of mutation]
 10789 | Orc:2    | Gained mutation: Your natural rate of healing is unusually
                  | fast. [potion of mutation]
 10853 | Orc:2    | Found Yjabiax Egyng's Book Shop.
 10867 | Orc:2    | Reached skill level 11 in Unarmed Combat
 11114 | Lair:1   | Entered Level 1 of the Lair of Beasts
 11221 | Lair:1   | Noticed Harold
 11263 | Lair:1   | Killed Harold
 11778 | Lair:2   | Reached XP level 14. HP: 104/104 MP: 16/16
 11852 | Lair:2   | Reached skill level 12 in Unarmed Combat
 11999 | Lair:2   | Found a hole to the Spider Nest.
 12159 | Lair:3   | Noticed Sonja
 12164 | Lair:3   | Killed Sonja
 12915 | Lair:3   | Found a staircase to the Shoals.
 13198 | Lair:4   | Found a viscous altar of Jiyva.
 13198 | Lair:4   | Found a staircase to the Slime Pits.
 13823 | Lair:5   | Entered Level 5 of the Lair of Beasts
 13842 | Lair:5   | Reached skill level 13 in Unarmed Combat
 14494 | Lair:5   | Noticed a dire elephant
 14494 | Lair:5   | Noticed a dire elephant
 14494 | Lair:5   | Noticed a dire elephant
 14495 | Lair:5   | Noticed a dire elephant
 14533 | Lair:5   | Killed a dire elephant
 14534 | Lair:5   | Reached skill level 14 in Unarmed Combat
 14534 | Lair:5   | Reached XP level 15. HP: 64/113 MP: 5/17
 15827 | Lair:2   | Noticed Urug
 15837 | Lair:2   | Killed Urug
 16148 | Lair:2   | Found the +7 sceptre of Torment {pain, torment}
 16424 | Spider:1 | Entered Level 1 of the Spider Nest
 16464 | Spider:1 | Reached skill level 15 in Unarmed Combat
 16630 | Spider:1 | Gained mutation: You occasionally lose the ability to drink
                  | potions when taking damage. [mutagenic glow]
 16784 | Spider:1 | Upgraded the game from 0.30-a0-923-g828ccac5a3 to
                  | 0.30-a0-928-g7f6bbad527
 16823 | Spider:1 | Slain by a ghost moth

Illustrated notes

Levels and vault maps discovered:
D:1:      dpeg_arrival_subterranean_lakeside_camping, layout_loops_ring,
          serial_shops, shop
D:2:      minmay_inner_zag, layout_loops_ring, basic_ecumenical_altar
D:3:      layout_basic, chequers_serial_rivers_small_3
D:4:      layout_loops_corners, trog_three_pillars_becter, lemuel_round_altar,
          mainiacjoe_overflow_chevrons, fedhas_altar_3,
          nicolae_dithmenos_shadow_blocks, minmay_temple_entry_antechambers
D:5:      layout_rooms
D:6:      old_forge, layout_basic, mainiacjoe_overflow_cross_hatched,
          dk_yredelemnul_ordeal, mainiacjoe_overflow_brackets,
          nicolae_overflow_hallway_of_the_gods,
          nemelex_xobeh_ov_fountains_minmay, enter_ossuary_5,
          minmay_divided_ellipse
D:7:      minmay_blocky_corners, layout_loops_ring, grunt_ministairs_3
D:8:      layout_rooms
D:9:      nzn_winding_woodlands_cross [nzn_winding_woodlands_5x15_pool,
          nzn_winding_woodlands_5x15_river_crossing,
          nzn_winding_woodlands_5x15_longhouse,
          nzn_winding_woodlands_5x15_lazy_stream,
          nzn_winding_woodlands_15x15_eel_pit], layout_rooms,
          lightli_temple_of_fire, erik_orc_1, uniq_erolcha
D:10:     cheibrodos_histonic, layout_cave_pools, serial_park,
          serial_park_square3 [serial_park_minivault_5x5_1], serial_park_tiny_2,
          serial_park_avenue1, solitary_fountain, minivault_8
D:11:     layout_basic
D:12:     layout_basic, serial_shops, shop, nicolae_titane
D:13:     layout_basic
Temple:   nicolae_temple_stand_before_the_council
Lair:1:   layout_chaotic_city, beast_lair_carwin_11, uniq_harold
Lair:2:   layout_roguey, nicolae_spider_entry_tight_spaces,
          cheibrodos_lair_caveside_slide, uniq_urug
Lair:3:   layout_roguey, minmay_shoals_entry_hut, uniq_sonja
Lair:4:   layout_layer_cave, minmay_slime_entry_pillars,
          eino_small_chamber_without_monster
Lair:5:   due_jungle_book, layout_loops_ring, nicolae_quartered_pool_super,
          dpeg_oklob_1
Spider:1: layout_spider_delve
Orc:1:    layout_diamond_mine, basic_altar
Orc:2:    hellmonk_orc_salted, layout_diamond_mine, serial_shops, shop

Skill      XL: |  1  2  3  4  5  6  7  8  9 10 11 12 13 14 15 |
---------------+----------------------------------------------+-----
Unarmed Combat | 1 2 3 4 6 7 8 10 11 14 15 | 15.2
Dodging        | 3 4 5 6 7 10 11 13 14 | 14.7
Fighting       | 2 3 4 5 6 7 9 11 12 14 | 14.6
Shields        | 1 3 5 |  5.1
Invocations    | 4 6 |  6.0
Stealth        | 7 10 | 10.1
Evocations     | |  3.2

Action                     |  1- 3 |  4- 6 |  7- 9 | 10-12 | 13-15 || total
---------------------------+-------+-------+-------+-------+-------++-------
  Melee: Unarmed           |    54 |   128 |   176 |   404 |   771 ||  1533
         Constrict         |    17 |    42 |    48 |    55 |   104 ||   266
         Tentacles         |    15 |    32 |    53 |   124 |   258 ||   482
         Punch             |     1 |     5 |    13 |    26 |    98 ||   143
  Throw: Dart              |       |       |       |    20 |     4 ||    24
 Invoke: Slouch            |       |       |     1 |     6 |    16 ||    23
  Evoke: Wand              |     3 |     3 |    20 |    42 |    36 ||   104
    Use: Potion            |       |     1 |     2 |     7 |    18 ||    28
         Scroll            |       |    10 |     8 |     7 |     6 ||    31
   Stab: Sleeping          |     5 |     9 |     3 |     6 |    38 ||    61
         Distracted        |       |     1 |       |       |       ||     1
         Invisible         |       |       |       |       |     5 ||     5
 Armour: Skin              |     7 |    34 |    24 |    26 |    59 ||   150
  Dodge: Dodged            |    44 |    90 |   128 |   392 |   732 ||  1386
  Block: Buckler           |       |       |    17 |   131 |   268 ||   416

Table legend: (Time is in decaauts)
 A = Elapsed time spent in this place.
 B = Non-inter-level travel time spent in this place.
 C = Inter-level travel time spent in this place.
 D = Time resting spent in this place.
 E = Time spent auto-exploring this place.
 F = Levels seen in this place.
 G = Mean time per level.
                   A        B        C        D        E       F      G
               +--------+--------+--------+--------+--------+-----+--------+
         Total |  24095 |  22759 |   1336 |    739 |  14159 |  23 | 1047.6 |
       Dungeon |  12664 |  11758 |    906 |    326 |   6909 |  13 |  974.2 |
        Temple |     30 |     15 |     15 |      0 |      0 |   1 |   30.0 |
          Lair |   8281 |   7938 |    343 |    211 |   5858 |   5 | 1656.2 |
   Spider Nest |    493 |    493 |      0 |    133 |    161 |   1 |  493.0 |
  Orcish Mines |   2023 |   1953 |     70 |     69 |    855 |   2 | 1011.5 |
       Ossuary |    600 |    600 |      0 |      0 |    375 |   1 |  600.0 |
               +--------+--------+--------+--------+--------+-----+--------+

Top non-repeatable levels by time:
  Lair:5: 2664 daAuts
     D:9: 2235 daAuts
  Lair:2: 1721 daAuts
  Lair:4: 1700 daAuts
    D:10: 1543 daAuts
    D:12: 1404 daAuts
    D:11: 1319 daAuts
  Lair:3: 1230 daAuts
     D:2: 1145 daAuts
   Orc:2: 1067 daAuts
     D:7: 1023 daAuts
  Lair:1: 966 daAuts
   Orc:1: 956 daAuts
     D:3: 822 daAuts
     D:4: 670 daAuts
